AoeStats
← RedPhosphoru

Arabian Desert

509490375Analyzed
1v1 RM · 6d ago on Sep 27, 2026· 29m 49s· 2 players
Game mode
Random Map
Map size
Tiny (2 player)
Population
200
Speed
Normal
Resources
Standard
Victory
Conquest
Starting age
Dark Age
Ending age
Imperial Age
RankedLock teamsTeams togetherTeam positionsShared explorationLock speedFull tech treeHidden civsTurbo modeCheats
Victory
Defeat
🇺🇸 Mongols · United States
2419
+7
🇲🇽 Vietnamese · Mexico
2202
-7
RedPhosphoru
11:11 Loom
12:56 Feudal Age
14:29 Double-Bit Axe
15:00 Man-at-Arms
18:11 Bloodlines
20:49 Wheelbarrow
24:11 Castle Age
23:37 Scale Barding Armor
23:42 Forging
24:54 Husbandry
25:30 Chain Barding Armor
25:21 Light Cavalry
28:17 Iron Casting
iamkaito
3:02 Loom
13:24 Feudal Age
14:44 Double-Bit Axe
15:54 Horse Collar
18:48 Fletching
22:36 Wheelbarrow
25:30 Castle Age
26:14 Scale Mail Armor
26:25 Bow Saw
Connection lost

Rejoining the realm…

Still unreachable

The connection could not be restored.

Session expired

The server has moved on; the page needs a fresh start.